 Dungeon Crawl Stone Soup version 0.27-a0-263-gc8dee61f84 (webtiles) character file.

Game seed: 7940900351793311851

364 knot the Chopper (level 6, 65/70 HPs)
             Began as a Demonspawn Berserker on Feb 5, 2021.
             Was a Believer of Trog.
             Quit the game on level 3 of the Dungeon.
             The game lasted 00:03:13 (3736 turns).

knot the Chopper (Demonspawn Berserker)             Turns: 3736, Time: 00:03:14

Health: 65/70      AC:  6    Str: 17    XL:     6   Next: 39%
Magic:  6/6        EV: 11    Int: 11    God:    Trog [**....]
Gold:   143        SH:  0    Dex: 12    Spells: 5/5 levels left

rFire    . . .     SeeInvis .   a - +0 hand axe
rCold    . . .     Faith    .   (no shield)
rNeg     . . .     Spirit   .   n - +0 ring mail
rPois    .         Reflect  .   d - +0 helmet
rElec    .         Harm     .   (no cloak)
rCorr    .         Rampage  .   (no gloves)
Will     ++...                  (no boots)
Stlth    ..........             (no amulet)
HPRegen  1.21/turn              f - ring of wizardry
MPRegen  0.20/turn              (no ring)

@: berserking, regenerating, very quick
A: hooves 1, magic regeneration
a: Renounce Religion, Berserk, Trog's Hand


You were on level 3 of the Dungeon.
You worshipped Trog.
Trog was pleased with you.
You visited 1 branch of the dungeon, and saw 3 of its levels.

You collected 143 gold pieces.

Inventory:

Hand Weapons
 a - a +0 hand axe (weapon)
Missiles
 b - 5 boomerangs
 e - 124 stones
Armour
 d - a +0 helmet (worn)
 n - a +0 ring mail (worn)
Jewellery
 f - a ring of wizardry (left hand)
Scrolls
 c - 2 scrolls of fear {unknown}
 h - a scroll of enchant armour {unknown}
 i - a scroll of identify {unknown}
 l - 3 scrolls of remove curse {unknown}
 m - 2 scrolls of teleportation {unknown}
 p - a scroll of enchant weapon {unknown}
 q - a scroll of amnesia {unknown}
Potions
 g - a potion of cancellation {unknown}
 j - a potion of attraction {unknown}
 k - a potion of curing
 o - a potion of ambrosia {unknown}


   Skills:
 - Level 3.0 Fighting
 + Level 6.6 Axes
 - Level 1.7 Armour
 - Level 1.7 Dodging


You had 5 spell levels left.
You didn't know any spells.
Your spell library was empty.

Dungeon Overview and Level Annotations

Branches:
Dungeon (3/15)

Altars:
Okawaru


Innate Abilities, Weirdness & Mutations

You have large cloven feet.
You regenerate magic rapidly.


Message History

Sigmund is heavily wounded.
You closely miss Sigmund.
Sigmund is heavily wounded.
Sigmund points at you and mumbles some strange words.
The magic dart hits you.
You slash Sigmund!
Sigmund is almost dead.
Sigmund barely misses you.
You slash Sigmund!
You kill Sigmund!
Trog accepts your kill.
Trog appreciates your killing of a magic user.
You can now call upon Trog for regeneration and willpower.
Your Axes skill increases to level 6!
You have reached level 6!
Your experience leads to an increase in your attributes!
Increase (S)trength, (I)ntelligence, or (D)exterity?
You feel clever.
Your demonic ancestry asserts itself...
Your feet thicken and deform.
Are you sure you want to abandon this character and quit the game? (Confirm with "yes".)

.......##.# #.......
............#.##..#..#..
..............##.##.....
.............<##.##.#...
.......l......#..##.....
...............<# ##..#.
>.............######.###
............#.# #...# #
#.....)@...<#.# ##.#.#
###.#####..?#.###..#.#
#.#.....K.##.#
#....##.#.....#
#.##.##...##..## #..
#.###..##...## ..#
#......###...# .##
.........†.#.#
#.........#..


You could see a frilled lizard.

Vanquished Creatures
  Sigmund (D:3)
  2 orc wizards (D:3)
  3 adders (D:2)
  4 gnolls (D:2)
  3 oozes
  2 worms (D:2)
  2 dart slugs
  3 leopard geckos (D:1)
  4 orcs
  4 bats
  4 giant cockroaches
  4 goblins
  5 hobgoblins (D:2)
  7 kobolds
  5 frilled lizards
  5 rats
58 creatures vanquished.

Notes
Turn   | Place    | Note
-------+----------+-------------------------------------------
     0 | D:1      | knot the Demonspawn Berserker began the quest for the Orb.
     0 | D:1      | Reached XP level 1. HP: 18/18 MP: 1/1
    94 | D:1      | Reached skill level 3 in Axes
    97 | D:1      | Gained mutation: You regenerate magic rapidly. [demonic
                  | ancestry]
    97 | D:1      | Reached XP level 2. HP: 21/24 MP: 2/2
   492 | D:1      | Reached XP level 3. HP: 23/29 MP: 3/3
   601 | D:2      | Reached skill level 4 in Axes
  1757 | D:2      | Reached XP level 4. HP: 23/35 MP: 4/4
  2306 | D:2      | Found an iron altar of Okawaru.
  2317 | D:2      | Reached skill level 5 in Axes
  2632 | D:3      | Noticed Sigmund
  2678 | D:3      | Reached XP level 5. HP: 41/41 MP: 5/5
  2702 | D:3      | Reached ** piety under Trog
  3735 | D:3      | Killed Sigmund
  3736 | D:3      | Reached skill level 6 in Axes
  3736 | D:3      | Gained mutation: You have large cloven feet. [demonic
                  | ancestry]
  3736 | D:3      | Reached XP level 6. HP: 47/47 MP: 6/6
  3736 | D:3      | Quit the game

Illustrated notes

Levels and vault maps discovered:
D:1:      saegor_arrival_miasma, layout_rooms
D:2:      layout_basic, okawaru_altar_gauntlet_db
D:3:      layout_rooms, uniq_sigmund, uniq_terence

Skill      XL: |  1  2  3  4  5 |
---------------+----------------+-----
Axes           | 3 4 5 6 |  6.6
Fighting       | |  3.0
Armour         | |  1.7
Dodging        | |  1.7

Action                   |  1- 3 |  4- 6 || total
-------------------------+-------+-------++-------
Melee: Hand axe          |   113 |    72 ||   185
Invok: Berserk           |     3 |     4 ||     7
       Trog's Hand       |       |     1 ||     1
  Use: Potion            |       |     2 ||     2
Armor: Animal skin       |    27 |       ||    27
       Ring mail         |       |    34 ||    34
Dodge: Dodged            |    71 |    42 ||   113

Table legend: (Time is in decaauts)
 A = Elapsed time spent in this place.
 B = Non-inter-level travel time spent in this place.
 C = Inter-level travel time spent in this place.
 D = Time resting spent in this place.
 E = Time spent auto-exploring this place.
 F = Levels seen in this place.
 G = Mean time per level.
                   A        B        C        D        E       F      G
               +--------+--------+--------+--------+--------+-----+--------+
         Total |   3809 |   3564 |    245 |   1807 |   1336 |   3 | 1269.7 |
       Dungeon |   3809 |   3564 |    245 |   1807 |   1336 |   3 | 1269.7 |
               +--------+--------+--------+--------+--------+-----+--------+

Top non-repeatable levels by time:
     D:2: 2723 daAuts
     D:1: 841 daAuts
     D:3: 244 daAuts
